AoeStats
← Enishi

Arabia

508663488Analyzed
1v1 RM · 9d ago on Sep 23, 2026· 50m 55s· 2 players
Game mode
Random Map
Map size
Tiny (2 player)
Population
200
Speed
Normal
Resources
Standard
Victory
Conquest
Starting age
Dark Age
Ending age
Imperial Age
RankedLock teamsTeams togetherTeam positionsShared explorationLock speedFull tech treeHidden civsTurbo modeCheats
Victory
Defeat
🇧🇪 Burgundians · Belgium
822
+18
🇦🇷 Poles · Argentina
866
-18
kuzmamrak
10:56 Feudal Age
9:13 Loom
10:06 Double-Bit Axe
10:03 Horse Collar
12:38 Bow Saw
15:20 Forging
16:26 Scale Mail Armor
16:35 Scale Barding Armor
22:16 Castle Age
20:49 Heavy Plow
21:19 Gold Mining
21:20 Stone Mining
22:49 Stone Shaft Mining
23:39 Husbandry
25:11 Wheelbarrow
26:26 Chain Barding Armor
26:41 Iron Casting
26:39 Cavalier
29:29 Two-Man Saw
32:50 Fletching
33:46 Hand Cart
33:16 Town Watch
39:20 Imperial Age
37:20 Gold Mining
38:03 Crop Rotation
42:48 Chemistry
42:09 Ballistics
41:32 Paladin
42:59 Elite Skirmisher
43:44 Scale Mail Armor
44:21 Plate Barding Armor
43:43 Bodkin Arrow
45:45 Blast Furnace
44:43 Flemish Revolution
45:19 Burgundian Vineyards
45:55 Chain Mail Armor
50:57 Hoardings
51:59 Blast Furnace
51:01 Padded Archer Armor
Enishi
1:53 Loom
12:22 Feudal Age
12:52 Double-Bit Axe
13:09 Stone Mining
16:06 Horse Collar
23:34 Castle Age
24:35 Squires
26:08 Forging
27:07 Bow Saw
27:02 Scale Mail Armor
27:42 Heavy Plow
29:06 Scale Barding Armor
29:05 Padded Archer Armor
29:58 Thumb Ring
30:41 Stone Shaft Mining
31:49 Crossbowman
32:12 Pikeman
32:38 Arson
33:25 Gold Mining
34:37 Wheelbarrow
35:52 Iron Casting
35:09 Fletching
37:11 Hand Cart
36:30 Light Cavalry
37:20 Bloodlines
37:40 Husbandry
37:51 Bloodlines
37:47 Town Watch
38:01 Bodkin Arrow
38:22 Chain Mail Armor
38:13 Scale Barding Armor
39:28 Town Patrol
40:32 Treadmill Crane
40:48 Murder Holes
41:14 Ballistics
41:06 Szlachta Privileges
47:45 Chain Barding Armor
Connection lost

Rejoining the realm…

Still unreachable

The connection could not be restored.

Session expired

The server has moved on; the page needs a fresh start.